[Event "Late-Titled-Tuesday-Blitz-May-28-2024"]
[Site "Chess.com"]
[Date "2024.05.28"]
[Round "6"]
[White "aval7an"]
[Black "szachmistrz2500"]
[Result "1-0"]
[WhiteElo "2687"]
[BlackElo "2514"]
[TimeControl "180+1"]
[EndTime "15:05:28 PDT"]
[Termination "aval7an won by resignation"]

1. d4 d5 2. c4 e6 3. Nc3 Nf6 4. cxd5 exd5 5. Bg5 c6 6. e3 Bd6 7. Qc2 Nbd7 8. Bd3 Nf8 9. Nge2 Ng6 10. f3 h6 11. Bf4 Nxf4 12. exf4 Qc7 13. g3 Bh3 14. Kf2 O-O 15. g4 Bxf4 16. Ng1 Bxg4 17. fxg4 Nxg4+ 18. Kf3 Ne3 19. Qf2 h5 20. Nh3 Bh6 21. Qh4 Rae8 22. Qxh5 Qb6 23. Rhg1 Kh8 24. Rxg7 c5 25. Rh7+ Kg8 26.
Rg1+ 1-0

[Event "Late-Titled-Tuesday-Blitz-May-28-2024"]
[Site "Chess.com"]
[Date "2024.05.28"]
[Round "6"]
[White "Arteler"]
[Black "ritanovikova"]
[Result "0-1"]
[WhiteElo "2224"]
[BlackElo "2168"]
[TimeControl "180+1"]
[EndTime "15:05:31 PDT"]
[Termination "ritanovikova won on time"]

1. d4 Nf6 2. c4 e6 3. Nc3 Bb4 4.
Qc2 O-O 5. e3 c5 6. Nf3 d5 7. a3 cxd4 8. Nxd4 Bc5 9. cxd5 Nxd5 10. Nxd5 Qxd5 11. Nb3 Bb6 12. Qc4 Qh5 13. Be2 Qg6 14.
O-O Nc6 15. Bd3 Qf6 16. Bd2 Ne5 17. Qe4 Nxd3 18. Qxd3 Rd8 19. Qc3 e5 20. Rfd1 Be6 21. e4 Qxf2+ 22. Kh1 Bxb3 23. Qxb3 Rxd2 24. Rg1 Rxb2 25.
Qd5 Qd4 26. Qxb7 Rf8 27. Rad1 Rd2 28. Rdf1 h5 0-1

[Event "Late-Titled-Tuesday-Blitz-May-28-2024"]
[Site "Chess.com"]
[Date "2024.05.28"]
[Round "6"]
[White "Caracal3000"]
[Black "RichardShtivelband"]
[Result "1-0"]
[WhiteElo "2572"]
[BlackElo "2385"]
[TimeControl "180+1"]
[EndTime "15:05:34 PDT"]
[Termination "Caracal3000 won by resignation"]

1. e4 e5 2. Nf3 Nc6 3. Nc3 Nf6 4. d4 exd4 5. Nxd4 d6 6. Bc4 Be7 7. O-O O-O 8. h3 Re8 9. Re1 Bf8 10. Nxc6 bxc6 11.
e5 dxe5 12. Qxd8 Rxd8 13. Rxe5 Bd6 14. Re1 Bf5 15. Bb3 Bb4 16. Bg5 Kf8 17. Re5 Bg6 18. Rae1 h6 19. Bxf6 gxf6 20. R5e2 a5 21. a3 Bxc3 22.
bxc3 a4 23. Bc4 Rab8 24. Re7 Rd2 25. Rxc7 Rxc2 26. Ree7 Rb1+ 27. Kh2 Rxf2 28. Bxf7 Bxf7 29. Rxf7+ Ke8 30. Rg7 Kd8 31. Ra7 1-0

[Event "Late-Titled-Tuesday-Blitz-May-28-2024"]
[Site "Chess.com"]
[Date "2024.05.28"]
[Round "6"]
[White "TatjanaVasilevich"]
[Black "CheckBits"]
[Result "0-1"]
[WhiteElo "2568"]
[BlackElo "2405"]
[TimeControl "180+1"]
[EndTime "15:05:36 PDT"]
[Termination "CheckBits won by checkmate"]

1. d4 d5 2. c4 dxc4 3. e3 a6 4. Bxc4 e6 5. Nc3 b5 6. Qf3 Ra7 7. Bd3 Nf6 8. Nge2 c5 9. O-O Rd7 10. Rd1 Bb7 11. Qh3 Nc6 12. a4 b4 13. Ne4 cxd4 14. Nxf6+ gxf6 15. exd4 Nxd4 16. Nxd4 Rxd4 17. Qe3 Rg8 18. Qxd4 Rxg2+ 19. Kf1 Qxd4 20. Bb5+ axb5 21. Rxd4 Bc5 22. Rf4 Rxh2 23. axb5 Ke7 24. b6 e5 25. Rc4 Bf3 26. Ke1 Bxf2+ 27. Kd2 Bxb6+ 28. Ke1 b3 29. Ra3 Bf2+ 30. Kf1 Bd4 31. Ke1 Rh1+ 32. Kd2 Rd1# 0-1

[Event "Late-Titled-Tuesday-Blitz-May-28-2024"]
[Site "Chess.com"]
[Date "2024.05.28"]
[Round "6"]
[White "GoltsevDmitry2000"]
[Black "JaackCamel"]
[Result "1-0"]
[WhiteElo "2709"]
[BlackElo "2235"]
[TimeControl "180+1"]
[EndTime "15:05:37 PDT"]
[Termination "GoltsevDmitry2000 won by resignation"]

1. e4 e6 2. d4 d5 3. exd5 exd5 4. Nf3 Nf6 5. c4 Be7 6. Nc3 O-O 7. Bd3 dxc4 8.
Bxc4 Bg4 9. O-O c6 10. Bg5 Nbd7 11. Re1 Nb6 12. Bb3 Re8 13. Bxf7+ Kxf7 14. Ne5+ Kg8 15. Nxg4 Nxg4 16. Qxg4 Bxg5 17. Rxe8+ Qxe8 18. Qxg5 Rd8 19.
Ne4 Nd5 20. Re1 Qf8 21. Nc5 Re8 22. Re5 Rxe5 23. Qxe5 Qc8 24. Ne6 Qd7 25. h4 h6 26.
h5 Qe7 27. Qb8+ Kf7 28. Nd8+ Kf6 29. Nxb7 Qe1+ 30. Kh2 Ne7 31. Qf4+ Ke6 32. Nc5+ Kd5 33. Qf7+ Kxd4 34. Ne6+ Kd5 35. Nf4+ Kd6 36. Qxg7 Qxf2 37. Qxh6+ Kd7 38. Qe6+ Kd8 39. Qd6+ Ke8 40. Ng6 Nd5 41. Qxc6+ 1-0

[Event "Late-Titled-Tuesday-Blitz-May-28-2024"]
[Site "Chess.com"]
[Date "2024.05.28"]
[Round "6"]
[White "WindWhistler11"]
[Black "YellowJacek"]
[Result "1-0"]
[WhiteElo "2526"]
[BlackElo "2364"]
[TimeControl "180+1"]
[EndTime "15:05:42 PDT"]
[Termination "WindWhistler11 won by resignation"]

1. Nf3 Nf6 2. g3 g6 3. Bg2 Bg7 4. O-O O-O 5. c4 c6 6. Na3 d5 7. Rb1 a5 8. d3 Na6 9. h3 Nb4 10.
Ra1 Re8 11. Bd2 e5 12. cxd5 cxd5 13. Qb3 e4 14. Nd4 Nc6 15. Nab5 Ne5 16. Rac1 Re7 17. Bf4 h6 18. dxe4 Nxe4 19. Rfd1 g5 20. Be3 Nc4 21. Rd3 Nxe3 22. Rxe3 Ra6 23. f3 Nf6 24. Rxe7 Qxe7 25. Rxc8+ Kh7 26. Qd3+ 1-0

[Event "Late-Titled-Tuesday-Blitz-May-28-2024"]
[Site "Chess.com"]
[Date "2024.05.28"]
[Round "6"]
[White "Msb2"]
[Black "Kiborg95"]
[Result "1-0"]
[WhiteElo "3035"]
[BlackElo "2807"]
[TimeControl "180+1"]
[EndTime "15:05:45 PDT"]
[Termination "Msb2 won by resignation"]

1. d4 Nf6 2. c4 g6 3. Nc3 Bg7 4.
e4 d6 5. Be2 O-O 6. Nf3 Nbd7 7. O-O e5 8. Be3 c6 9. Qc2 Qe7 10.
Rad1 h6 11. h3 exd4 12. Rxd4 Nc5 13. Rfd1 a5 14. Qb1 Re8 15. Bd3 Nfd7 16. Bc2 Bxd4 17. Nxd4 h5 18. Qc1 Ne5 19. b3 a4 20. f4 axb3 21. axb3 Ned7 22. Bf2 Nf8 23. Re1 Qf6 24. Qd2 Bd7 25. Nf3 Nce6 26. f5 Nc5 27. Bd4 Re5 28. Nxe5 1-0

[Event "Late-Titled-Tuesday-Blitz-May-28-2024"]
[Site "Chess.com"]
[Date "2024.05.28"]
[Round "6"]
[White "maximnovik"]
[Black "ZachHKL"]
[Result "1-0"]
[WhiteElo "2549"]
[BlackElo "2373"]
[TimeControl "180+1"]
[EndTime "15:05:47 PDT"]
[Termination "maximnovik won by checkmate"]

1. e4 c5 2. Nf3 d6 3. c3 Nf6 4.
h3 g6 5. Bd3 Bg7 6. O-O O-O 7.
Bc2 e5 8. d4 cxd4 9. cxd4 exd4 10. Nxd4 Re8 11. Nc3 Nc6 12. Nxc6 bxc6 13. Qf3 Nd7 14.
Rd1 Ne5 15. Qg3 Rb8 16. b3 Be6 17. Ba3 d5 18. Bc5 Qc7 19. Bd4 c5 20. Bxe5 Bxe5 21.
Qf3 d4 22. Nd5 Bxd5 23. exd5 d3 24. Bxd3 Bxa1 25. Rxa1 Qe5 26. Rd1 Rbd8 27. Bc4 Rd6 28. g3 Qb2 29. a4 Qe5 30. Kg2 Qe4 31. Qxe4 Rxe4 32. Kf3 Re7 33. h4 f5 34. Rc1 Kf7 35. Bf1 Rc7 36. Bb5 Kf6 37. Bc6 Ke5 38. Rxc5 Kd4 39.
Rb5 Kc3 40. Rb8 Re7 41. b4 Re4 42. b5 Kb4 43. Rb7 Kxa4 44. Rxa7+ Kb3 45. Rxh7 Rb4 46. Rh6 Kc3 47. h5 Rb3 48. Rxg6 Kd4+ 49. Kf4 Rd8 50.
d6 Kc5 51. d7 Rb1 52. f3 Rh1 53. Rg5 Kb6 54. Rxf5 Rh8 55. g4 Rd1 56. Re5 Kc7 57. Re8 Rh6 58. Rc8+ Kb6 59. d8=Q+ Rxd8 60. Rxd8 Rf6+ 61. Kg5 Rf7 62. h6 Rc7 63. Kg6 Ra7 64.
h7 Rg7+ 65. Kxg7 Kc7 66. h8=Q Kb6 67. Rb8+ Kc5 68. Qf8+ Kd4 69. Rd8+ Ke3 70. Qc5+ Ke2 71. Re8+ Kf1 72. Qc2 Kg1 73. Re1# 1-0

[Event "Late-Titled-Tuesday-Blitz-May-28-2024"]
[Site "Chess.com"]
[Date "2024.05.28"]
[Round "6"]
[White "jaramsdal"]
[Black "Dacean99"]
[Result "0-1"]
[WhiteElo "2410"]
[BlackElo "2598"]
[TimeControl "180+1"]
[EndTime "15:05:48 PDT"]
[Termination "Dacean99 won by resignation"]

1. Nf3 d5 2. g3 c6 3. Bg2 Nf6 4. O-O Bg4 5. h3 Bf5 6. d3 e6 7. Nh4 Bg6 8. Nxg6 hxg6 9. e4 Be7 10. Nc3 Nbd7 11. Bg5 Nxe4 12. Bxe7 Nxc3 13. Bxd8 Nxd1 14. Ba5 Nxb2 15. Rab1 b6 16. Bc3 Na4 17. Bxg7 Rh7 18. Bd4 O-O-O 19. Rfe1 Nac5 20. Ba1 Kb7 21. d4 Ne4 22. Bxe4 dxe4 23. Rxe4 Rxh3 24. Kg2 Rdh8 25. Rf4 Rh2+ 26. Kf3 f5 27. d5 e5 28. dxc6+ Kxc6 29. Rc4+ Kb7 30. Rd1 R8h7 31. Rd6 Nc5 32. Bxe5 Ne4 33.
Rxg6 Nd2+ 34. Ke2 Nxc4 35. Bf4 Re7+ 0-1

[Event "Late-Titled-Tuesday-Blitz-May-28-2024"]
[Site "Chess.com"]
[Date "2024.05.28"]
[Round "6"]
[White "karinachess1"]
[Black "alexrustemov"]
[Result "0-1"]
[WhiteElo "2628"]
[BlackElo "2857"]
[TimeControl "180+1"]
[EndTime "15:05:49 PDT"]
[Termination "alexrustemov won by resignation"]

1. d4 d5 2. c4 dxc4 3. Nf3 Nf6 4.
e3 e6 5. Bxc4 c5 6. O-O a6 7.
Qe2 b5 8. Bb3 Bb7 9. Rd1 Nbd7 10.
Nc3 Qb8 11. d5 exd5 12. Nxd5 c4 13. Nxf6+ Nxf6 14. Bc2 Bd6 15. e4 O-O 16. Bg5 Ng4 17. h3 Ne5 18. Nxe5 Bxe5 19. Rab1 h6 20. Be3 Re8 21. Bd4 Qc7 22. Qg4 Rad8 23. Bxe5 Qxe5 24.
f4 Qc5+ 25. Kh2 Rxd1 26. Rxd1 Bxe4 27. Bxe4 Rxe4 28. Rd8+ Kh7 29. Rc8 Qd5 30. Rf8 Qe6 31. Qxe6 fxe6 32. Ra8 Re2 33. Rxa6 Rxb2 34. Kg3 b4 35.
Kf3 c3 36. Rxe6 Rxa2 37. g4 c2 38. Rc6 b3 39. Ke3 0-1

[Event "Late-Titled-Tuesday-Blitz-May-28-2024"]
[Site "Chess.com"]
[Date "2024.05.28"]
[Round "6"]
[White "GoValya"]
[Black "Dexter_Dyke"]
[Result "0-1"]
[WhiteElo "2223"]
[BlackElo "2446"]
[TimeControl "180+1"]
[EndTime "15:05:49 PDT"]
[Termination "Dexter_Dyke won on time"]

1. Nf3 Nf6 2. g3 g6 3. Bg2 Bg7 4. O-O O-O 5. d4 d6 6. c4 a6 7. d5 c5 8. Nc3 e5 9. dxe6 Bxe6 10. Nd2 Nc6 11. e3 d5 12. cxd5 Nxd5 13. Nxd5 Bxd5 14.
e4 Be6 15. Rb1 Bxa2 16. Ra1 Be6 17. Qc2 Qb6 18. Nc4 Qb4 19. Ra4 Nd4 20. Qd1 Qb5 21. Nd6 Qb3 22. Qxb3 Bxb3 23. Ra3 c4 24. Nxb7 Ne2+ 25. Kh1 Nxc1 26. Rxc1 Bxb2 27. Rxb3 cxb3 28. Rb1 Bd4 29. Rxb3 Bxf2 30. e5 a5 31. Nd6 Rfb8 32. Bxa8 Rxb3 33. Bd5 Rb1+ 34. Kg2 Bd4 35. Bxf7+ Kf8 36.
e6 a4 37. Nc8 Bc5 0-1

[Event "Late-Titled-Tuesday-Blitz-May-28-2024"]
[Site "Chess.com"]
[Date "2024.05.28"]
[Round "6"]
[White "chess_sharparchitect"]
[Black "boguszp"]
[Result "1-0"]
[WhiteElo "2343"]
[BlackElo "2027"]
[TimeControl "180+1"]
[EndTime "15:05:52 PDT"]
[Termination "chess_sharparchitect won on time"]

1. c4 c6 2. e4 d5 3. exd5 cxd5 4. cxd5 Nf6 5. Qa4+ Nbd7 6. Nc3 a6 7. Bc4 g6 8. Nf3 Bg7 9. O-O O-O 10. Qa3 Nb6 11. d3 Re8 12. Bg5 h6 13. Bxf6 Bxf6 14. Rfe1 Bg4 15. Ne5 Bxe5 16. Rxe5 Rc8 17. Bb3 Qd6 18. Qxd6 exd6 19. Rxe8+ Rxe8 20. Ne4 Kg7 21. Nxd6 Re2 22. h3 Bc8 23. Rc1 Bd7 24. Nxb7 Bb5 25. d6 Bxd3 26.
Rc7 Re1+ 27. Kh2 Be4 28. Rxf7+ 1-0

[Event "Late-Titled-Tuesday-Blitz-May-28-2024"]
[Site "Chess.com"]
[Date "2024.05.28"]
[Round "6"]
[White "Magicmaster17"]
[Black "Bryanl106"]
[Result "1-0"]
[WhiteElo "2885"]
[BlackElo "2694"]
[TimeControl "180+1"]
[EndTime "15:05:54 PDT"]
[Termination "Magicmaster17 won by resignation"]

1. d4 Nf6 2. Nf3 g6 3. Nbd2 d5 4. e3 Bg7 5. b3 O-O 6. Bb2 Bf5 7.
Be2 a5 8. a3 Ne4 9. O-O e6 10.
Ne5 h5 11. Ndf3 f6 12. Nd3 g5 13. c4 c6 14. Nd2 Nxd2 15. Qxd2 Qe8 16. Nc5 b6 17. Na4 Nd7 18. Rac1 Rc8 19. Rc3 h4 20.
cxd5 exd5 21. Rfc1 Qe6 22. Bd3 h3 23. Rxc6 Rxc6 24.
Rxc6 Qxc6 25. Bxf5 hxg2 26. Kxg2 Re8 27. Nc3 Nf8 28.
Qe2 Ne6 29. Qh5 Kf8 30. a4 Ke7 31. Nb5 Kd8 32. Qf7 Bf8 33. Qxf6+ Kc8 34. Na7+ Kb7 35. Nxc6 Kxc6 1-0

[Event "Late-Titled-Tuesday-Blitz-May-28-2024"]
[Site "Chess.com"]
[Date "2024.05.28"]
[Round "6"]
[White "MrEscacs"]
[Black "RaugintaBulba"]
[Result "0-1"]
[WhiteElo "2187"]
[BlackElo "2427"]
[TimeControl "180+1"]
[EndTime "15:05:59 PDT"]
[Termination "RaugintaBulba won by resignation"]

1. e4 c5 2. c3 a6 3. d4 cxd4 4. cxd4 d5 5. exd5 Nf6 6. Nf3 Nxd5 7. Bc4 Nc6 8. O-O e6 9. Bd2 Be7 10. Nc3 Nb6 11. Bb3 Nxd4 12. Nxd4 Qxd4 13. Qe2 Qh4 14.
Be3 Nd7 15. g3 Qh3 16. Ne4 h5 17. Ng5 Qg4 18. f3 Qf5 19. Ne4 Nf6 20. Rad1 b5 21. Nxf6+ Bxf6 22. Bc2 Qe5 23. Be4 Rb8 24. Ba7 Rb7 25.
Bxb7 Qxe2 26. Bc6+ Kf8 27. Bc5+ Kg8 28. Rd8+ Bxd8 0-1

[Event "Late-Titled-Tuesday-Blitz-May-28-2024"]
[Site "Chess.com"]
[Date "2024.05.28"]
[Round "6"]
[White "Maect19"]
[Black "blueryder"]
[Result "1-0"]
[WhiteElo "2284"]
[BlackElo "2158"]
[TimeControl "180+1"]
[EndTime "15:06:03 PDT"]
[Termination "Maect19 won by resignation"]

1. Nf3 Nc6 2. c4 e5 3. Nc3 f5 4. d3 Nf6 5. g3 Bc5 6. Bg2 d6 7.
O-O h6 8. Na4 Bb6 9. b4 a6 10.
Nxb6 cxb6 11. Bb2 O-O 12. Qb3 Be6 13. a4 Ne7 14. e3 Rc8 15. Rac1 Qe8 16. d4 e4 17. Nd2 d5 18. c5 b5 19. axb5 axb5 20. Ra1 Qh5 21. Qd1 Qg6 22. Qe2 Bd7 23. Ra2 Ra8 24.
Rfa1 Rxa2 25. Rxa2 f4 26. exf4 Bg4 27. Qe1 Nc6 28.
Bc3 Ne7 29. h3 Bd7 30. Nf1 Nf5 31. Ne3 Re8 32. Ra7 Bc6 33. Kh2 Nxe3 34. fxe3 Qh5 35.
Kg1 Bd7 36. g4 Bxg4 37. hxg4 Nxg4 38. Qg3 g5 39. Bh3 gxf4 40. Qxg4+ Qxg4+ 41. Bxg4 f3 42. Rxb7 1-0

[Event "Late-Titled-Tuesday-Blitz-May-28-2024"]
[Site "Chess.com"]
[Date "2024.05.28"]
[Round "6"]
[White "lluiss"]
[Black "MusicCityMaster"]
[Result "0-1"]
[WhiteElo "2178"]
[BlackElo "2383"]
[TimeControl "180+1"]
[EndTime "15:06:05 PDT"]
[Termination "MusicCityMaster won on time"]

1. Nf3 Nf6 2. d4 c5 3. c4 cxd4 4. Nxd4 e5 5. Nb5 d5 6. cxd5 Bc5 7. e3 O-O 8. N5c3 Qe7 9. Bc4 e4 10. b3 Rd8 11. Bb2 a6 12. a4 Bf5 13. h3 Nbd7 14. Nd2 Ne5 15. Nf1 h5 16. Ng3 Bg6 17. h4 Neg4 18. Qe2 Bb4 19. Rd1 Rac8 20. O-O Bxc3 21. Bxc3 b5 22. Bxf6 Qxf6 23. axb5 Qxh4 24. Qxg4 hxg4 25. bxa6 Rd6 26. Ra1 f5 27. a7 f4 28. a8=Q Rxa8 29. Rxa8+ Kh7 30. exf4 e3 31. f5 Bf7 32. f6 Rxf6 33. Bd3+ Bg6 34. Bxg6+ Rxg6 35. Nf5 exf2+ 36. Rxf2 Qg5 37. Ng3 Qe3 38. Kf1 Qd3+ 0-1

[Event "Late-Titled-Tuesday-Blitz-May-28-2024"]
[Site "Chess.com"]
[Date "2024.05.28"]
[Round "6"]
[White "Hikaru"]
[Black "amintabatabaei"]
[Result "1-0"]
[WhiteElo "3222"]
[BlackElo "3046"]
[TimeControl "180+1"]
[EndTime "15:06:06 PDT"]
[Termination "Hikaru won on time"]

1. e4 e5 2. Bc4 Nf6 3. d3 c6 4. Nf3 d5 5. Bb3 Bb4+ 6. Bd2 Bxd2+ 7. Qxd2 Qd6 8. Nc3 O-O 9. O-O dxe4 10. dxe4 Qxd2 11.
Nxd2 Nbd7 12. Nc4 b5 13. Na5 b4 14. Na4 Ba6 15. Rfd1 Bb5 16. c4 Bxa4 17. Bxa4 Nc5 18.
Bxc6 Rad8 19. f3 h5 20. Bd5 Na4 21. Nc6 Rde8 22. Rd2 h4 23. Nxb4 Rb8 24. Nd3 Nd7 25. b4 Rfc8 26. c5 a5 27. a3 Nc3 28. c6 Nb6 29. Nxe5 Rc7 30. Rc1 axb4 31. axb4 Nba4 32. Bb3 Rxb4 33. Bxa4 Nxa4 34. Rd7 Rc8 35. c7 Kh7 36. Rd8 Nb6 37. Nxf7 1-0

[Event "Late-Titled-Tuesday-Blitz-May-28-2024"]
[Site "Chess.com"]
[Date "2024.05.28"]
[Round "6"]
[White "DeTimmerman"]
[Black "Zq1"]
[Result "1-0"]
[WhiteElo "2750"]
[BlackElo "2543"]
[TimeControl "180+1"]
[EndTime "15:06:06 PDT"]
[Termination "DeTimmerman won by resignation"]

1. b4 Nf6 2. Bb2 g6 3. c4 Bg7 4. a4 a5 5. b5 d6 6. e3 Nbd7 7. Nf3 O-O 8. Be2 e5 9. d4 Re8 10. O-O b6 11. Nc3 Bb7 12. Rc1 h6 13. Qb3 Qe7 14. Rfd1 e4 15. Nd2 Kh7 16. Ba3 Qe6 17.
Rc2 h5 18. Rdc1 Ng4 19. Nd5 Rac8 20. Nf4 Qf5 21. h3 Ngf6 22. c5 dxc5 23. dxc5 Ne5 24. c6 Ba8 25. Bb2 Re7 26. Nc4 Ne8 27. Nxe5 Bxe5 28. Bxe5 Qxe5 29. Rd2 Nd6 30. Rcd1 h4 31.
Nd5 Re6 32. Qc3 Qxc3 33. Nxc3 f5 34. Nd5 Nf7 35. Nf4 Re7 36. Rd7 Rce8 37. Rxe7 Rxe7 38. Nd5 1-0

[Event "Late-Titled-Tuesday-Blitz-May-28-2024"]
[Site "Chess.com"]
[Date "2024.05.28"]
[Round "6"]
[White "Slovak_fighter2000"]
[Black "GMBenjaminFinegold"]
[Result "0-1"]
[WhiteElo "2547"]
[BlackElo "2750"]
[TimeControl "180+1"]
[EndTime "15:06:06 PDT"]
[Termination "GMBenjaminFinegold won by checkmate"]

1. d4 d5 2. Nf3 Nc6 3. Bf4 Bg4 4.
e3 e6 5. Be2 Bd6 6. Bxd6 Qxd6 7.
O-O Nf6 8. c4 dxc4 9. Nbd2 O-O 10.
Nxc4 Qd5 11. Nce5 Nxe5 12. Nxe5 Bxe2 13. Qxe2 c5 14. Nf3 c4 15. Ne5 b5 16. Rfc1 Rfc8 17.
h3 h6 18. a4 a6 19. Qf3 Qxf3 20.
gxf3 Nd5 21. axb5 axb5 22. f4 f6 23. Nd7 Kf7 24. Nc5 Ke7 25. Kg2 Nb6 26. Kf3 Nd7 27. Nxd7 Kxd7 28. Rg1 g5 29. fxg5 hxg5 30. Ke4 Kd6 31.
f4 gxf4 32. Kxf4 b4 33. h4 c3 34. bxc3 bxc3 35. Rac1 Ra2 36. Rh1 Rf2+ 37. Ke4 f5+ 38. Kd3 Rd2# 0-1

[Event "Late-Titled-Tuesday-Blitz-May-28-2024"]
[Site "Chess.com"]
[Date "2024.05.28"]
[Round "6"]
[White "Kielinkei"]
[Black "rhungaski"]
[Result "1-0"]
[WhiteElo "2464"]
[BlackElo "2598"]
[TimeControl "180+1"]
[EndTime "15:06:06 PDT"]
[Termination "Kielinkei won by resignation"]

1. c4 g6 2. g3 Bg7 3. Bg2 d6 4. d4 Nf6 5. Nf3 O-O 6. O-O Nc6 7. Nc3 e5 8. dxe5 Nxe5 9. Nxe5 dxe5 10. Qxd8 Rxd8 11.
Bg5 Rd7 12. Rad1 c6 13. b3 h6 14. Bc1 Rxd1 15. Rxd1 Bf5 16. Bb2 e4 17. e3 Ng4 18. h3 Ne5 19. Nxe4 Nf3+ 20. Bxf3 Bxb2 21. Nd6 Rb8 22. Nxf5 gxf5 23. Rd7 b5 24. cxb5 Rxb5 25. Rxa7 Rc5 26. Bh5 Rc1+ 27. Kg2 Bc3 28. Bxf7+ Kg7 29. Bd5+ Kf6 30. Ra6 Ke5 31. Bxc6 Rc2 32. Kf1 Bb4 33. f4+ Kd6 34. Be4+ 1-0

[Event "Late-Titled-Tuesday-Blitz-May-28-2024"]
[Site "Chess.com"]
[Date "2024.05.28"]
[Round "6"]
[White "nabukatnezarr"]
[Black "ploxoi"]
[Result "1-0"]
[WhiteElo "2643"]
[BlackElo "2414"]
[TimeControl "180+1"]
[EndTime "15:06:11 PDT"]
[Termination "nabukatnezarr won by resignation"]

1. b3 e5 2. Bb2 Nc6 3. e3 d5 4.
Bb5 Bd6 5. f4 f6 6. fxe5 fxe5 7.
Nf3 Qe7 8. O-O Nf6 9. c4 O-O 10.
cxd5 Nxd5 11. Nc3 Nxc3 12. Bxc3 Bg4 13. Bxc6 bxc6 14. Qe1 c5 15. Qh4 Qxh4 16. Nxh4 e4 17. g3 c4 18. bxc4 Be2 19. Rf5 Bxc4 20. Rg5 Rf7 21.
Nf5 Rd7 22. Nxg7 Be7 23. Rg4 Kf7 24. Rxe4 Bd3 25. Rf4+ Kg6 26. Ne6 Bd6 27. Rf6+ Kh5 28. Nf4+ Bxf4 29. Rxf4 Kg5 30. h4+ Kg6 31. g4 Rd6 32.
Rc1 Re8 33. Bb4 Rd7 34. Rc6+ Kg7 35. Bc3+ Kg8 36. Kf2 Be4 37. Rc5 Bg6 38. h5 Bb1 39. Rg5+ 1-0

[Event "Late-Titled-Tuesday-Blitz-May-28-2024"]
[Site "Chess.com"]
[Date "2024.05.28"]
[Round "6"]
[White "Goryachkina"]
[Black "Rud_Makarian"]
[Result "0-1"]
[WhiteElo "2723"]
[BlackElo "2958"]
[TimeControl "180+1"]
[EndTime "15:06:12 PDT"]
[Termination "Rud_Makarian won by resignation"]

1. d4 Nf6 2. c4 e6 3. Nf3 d5 4. g3 Bb4+ 5. Bd2 Be7 6. Bg2 O-O 7. O-O Nbd7 8. Qc2 c6 9. Bf4 a5 10.
Rd1 Nh5 11. Bc1 b5 12. c5 f5 13. Nbd2 Bf6 14. b3 e5 15. dxe5 Nxe5 16. Nxe5 Bxe5 17. Bb2 Bxb2 18. Qxb2 Qe7 19. Nf3 Bd7 20. Rac1 Rae8 21. Nd4 f4 22. Qd2 fxg3 23. hxg3 Nf6 24. f3 Nh5 25. g4 Nf4 26. Re1 h5 27. e3 Nxg2 28. Qxg2 hxg4 29. f4 Rf6 30. Qg3 Rh6 31. Kf2 Rh3 0-1

[Event "Late-Titled-Tuesday-Blitz-May-28-2024"]
[Site "Chess.com"]
[Date "2024.05.28"]
[Round "6"]
[White "BardArtem"]
[Black "AryanTari"]
[Result "0-1"]
[WhiteElo "2793"]
[BlackElo "3023"]
[TimeControl "180+1"]
[EndTime "15:06:14 PDT"]
[Termination "AryanTari won by resignation"]

1. Nf3 Nf6 2. b3 d5 3. Bb2 Bf5 4. Nh4 Bd7 5. Nf3 a5 6. a3 Bf5 7.
Nh4 Bg6 8. d3 Nbd7 9. g3 e6 10.
Nxg6 hxg6 11. Bg2 Bd6 12. Nd2 c6 13. e4 dxe4 14. dxe4 Be5 15. Qc1 Ng4 16. Nc4 Qf6 17. f4 Bxb2 18. Qxb2 Qxb2 19. Nxb2 Ne3 20. Kf2 Nxc2 21.
Rac1 Nxa3 22. e5 Ke7 23. Rhd1 Rhd8 24. Na4 Nb5 25. Bf1 Nc7 26. Rd2 g5 27. Nb2 gxf4 28.
gxf4 Nd5 29. Kf3 Rh8 30. Nc4 Rh4 31. Rd4 g5 32. Nd6 Nxe5+ 33. fxe5 Rxd4 34. Nf5+ exf5 0-1

[Event "Late-Titled-Tuesday-Blitz-May-28-2024"]
[Site "Chess.com"]
[Date "2024.05.28"]
[Round "6"]
[White "CarlosjPineror"]
[Black "Nekoo04"]
[Result "1-0"]
[WhiteElo "2751"]
[BlackElo "2423"]
[TimeControl "180+1"]
[EndTime "15:06:15 PDT"]
[Termination "CarlosjPineror won on time"]

1. e4 c5 2. Nf3 d6 3. d4 cxd4 4. Nxd4 Nf6 5. Nc3 Nc6 6. Bg5 e6 7.
Qd2 a6 8. O-O-O Bd7 9. f4 Be7 10. Nf3 b5 11. e5 b4 12. exf6 bxc3 13. Qxc3 gxf6 14. Bh6 Rg8 15. g3 Rg6 16. Bg5 fxg5 17. Qh8+ Bf8 18. Bd3 Qf6 19. Qxf6 Rxf6 20. Nxg5 Nb4 21.
Nxh7 Nxd3+ 22. Rxd3 Rh6 23. Nxf8 Bc6 24. Re1 Kxf8 25.
Rxd6 Rc8 26. Re3 Bb5 27. h4 Ke7 28. Rb6 Rh5 29. b3 Rd5 30. c4 Rd4 31. f5 Bd7 32. Rxa6 1-0

[Event "Late-Titled-Tuesday-Blitz-May-28-2024"]
[Site "Chess.com"]
[Date "2024.05.28"]
[Round "6"]
[White "slidingknight2775"]
[Black "h4parah5"]
[Result "1-0"]
[WhiteElo "2634"]
[BlackElo "2959"]
[TimeControl "180+1"]
[EndTime "15:06:16 PDT"]
[Termination "slidingknight2775 won by resignation"]

1. d4 Nf6 2. Nf3 g6 3. g3 Bg7 4. Bg2 O-O 5. O-O d6 6. Re1 Nbd7 7. e4 e5 8. Nc3 c6 9. a4 Qc7 10. h3 Re8 11. b3 b6 12. Bb2 a6 13. Qd2 Bb7 14.
Rad1 b5 15. dxe5 dxe5 16. axb5 axb5 17. Ra1 Nc5 18. Qe3 Ne6 19. Ne2 Nd7 20. h4 Rxa1 21. Rxa1 c5 22. c3 Nf6 23. Ng5 Nf8 24. f3 h6 25. Nh3 Ne6 26. Nf2 h5 27. Bh3 Kh7 28. Bxe6 Rxe6 29. Nh3 Re8 30. Ng5+ Kg8 31. Ba3 Nd7 32.
Rd1 f6 33. Nh3 Rc8 34. Qd2 Nf8 35. Qd6 Kf7 36. Qxc7+ Rxc7 37. Rd6 Ne6 38. Rb6 Bc6 39. Bc1 Bf8 40. Be3 Bd7 41. Nf2 Ra7 42. Nd3 Ra3 43.
Nec1 c4 44. bxc4 bxc4 45. Ne1 Rxc3 46. Bd2 Bc5+ 47. Kf1 Bf8 48. Bxc3 1-0

[Event "Late-Titled-Tuesday-Blitz-May-28-2024"]
[Site "Chess.com"]
[Date "2024.05.28"]
[Round "6"]
[White "VirtualCoach"]
[Black "betta2004"]
[Result "0-1"]
[WhiteElo "2197"]
[BlackElo "2552"]
[TimeControl "180+1"]
[EndTime "15:06:16 PDT"]
[Termination "betta2004 won on time"]

1. d4 Nf6 2. c4 e6 3. Nf3 d5 4.
Nc3 Be7 5. Bf4 O-O 6. e3 dxc4 7. Bxc4 c5 8. dxc5 Bxc5 9. O-O a6 10. a4 Nc6 11. h3 Qe7 12. Qc2 h6 13. Bh2 e5 14.
Nd5 Nxd5 15. Bxd5 Nb4 16. Qb3 e4 17. Nd2 Bf5 18. Rad1 Nxd5 19. Qxd5 Bg6 20. Qb3 Rfd8 21. Nc4 Rd3 22. Rxd3 exd3 23. Ne5 Rd8 24. Rd1 Be4 25. Bg3 Bd6 26. Qc3 Bxe5 27. Bxe5 Qg5 28. Bg3 h5 29. h4 Qg4 30. Rd2 Rc8 31. Qd4 Qh3 0-1

[Event "Late-Titled-Tuesday-Blitz-May-28-2024"]
[Site "Chess.com"]
[Date "2024.05.28"]
[Round "6"]
[White "bubeliang"]
[Black "Shuvalov"]
[Result "1-0"]
[WhiteElo "2799"]
[BlackElo "2557"]
[TimeControl "180+1"]
[EndTime "15:06:17 PDT"]
[Termination "bubeliang won by resignation"]

1. e4 e6 2. d4 d5 3. e5 c5 4. c3 Nc6 5. Nf3 Nge7 6. Na3 Bd7 7. Nc2 Qa5 8. Bd2 Qb6 9. Rb1 cxd4 10. cxd4 Nf5 11. Bc3 Nb4 12. a3 Nxc2+ 13. Qxc2 Bb5 14. g4 Nh6 15. h3 Be7 16. Bxb5+ Qxb5 17. Qe2 Qxe2+ 18.
Kxe2 f6 19. Bd2 Nf7 20. Bf4 Kd7 21. Rbc1 Rac8 22. Kd3 Rxc1 23. Rxc1 h5 24. exf6 gxf6 25. Rc7+ Ke8 26. Rxb7 hxg4 27. hxg4 Rh3 28. Ke2 a5 29. Ra7 Bd6 30. Be3 Rh1 31. Rxa5 Rb1 32. b4 Bc7 33. Ra7 Kd8 34. Nd2 Rb2 35. Kd1 Ra2 36. Nb3 e5 37. Nc5 Kc8 38. Ne6 Bb6 39. Rxf7 Rxa3 40.
Rxf6 exd4 41. Bc1 Rb3 42. Nc5 Rxb4 43. Rf8+ Bd8 44. Ne6 1-0